AoeStats
← 859

African Clearing

510579989Analyzed
4v4 RM · 21h ago on Oct 1, 2026· 74m 15s· 8 players
Game mode
Random Map
Map size
Large (8 player)
Population
200
Speed
Normal
Resources
Standard
Victory
Conquest
Starting age
Dark Age
Ending age
Imperial Age
RankedLock teamsTeams togetherTeam positionsShared explorationLock speedFull tech treeHidden civsTurbo modeCheats
Victory
Defeat
🇨🇴 Spanish · Colombia
1460
+14
🇨🇳 Huns · China
1439
+15
🇬🇧 Koreans · United Kingdom
1411
+16
🇪🇸 Berbers · Spain
1375
+18
🇨🇳 Vietnamese · China
1639
-24
🇨🇳 Italians · China
1462
-18
🇨🇳 Persians · China
1306
-11
🇨🇳 Khitans · China
1281
-10
freedom is not free
3:07 Loom
11:41 Feudal Age
12:13 Double-Bit Axe
13:48 Loom
17:46 Castle Age
16:16 Horse Collar
17:20 Bloodlines
17:19 Scale Barding Armor
18:37 Wheelbarrow
20:15 Husbandry
26:19 Chain Barding Armor
26:27 Town Watch
27:41 Hand Cart
27:44 Forging
27:56 Heavy Plow
32:21 Iron Casting
33:58 Bow Saw
35:48 Stone Mining
35:48 Gold Mining
40:10 Imperial Age
38:20 Fletching
39:03 Marauders
39:56 Gold Shaft Mining
39:21 Bodkin Arrow
41:06 Ballistics
40:42 Murder Holes
40:57 Masonry
40:13 Elite Tarkan
41:14 Conscription
41:34 Plate Barding Armor
42:27 Blast Furnace
42:58 Bracer
44:29 Chemistry
44:49 Coinage
48:00 Banking
47:40 Guilds
52:03 Caravan
65:28 Two-Man Saw
ryocallan
4:06 Loom
14:44 Feudal Age
22:34 Castle Age
21:19 Double-Bit Axe
21:35 Fletching
23:28 Bodkin Arrow
36:58 Town Watch
39:47 Wheelbarrow
39:13 Elite Skirmisher
51:10 Horse Collar
56:05 Imperial Age
54:39 Heavy Plow
55:44 Squires
55:30 Arson
56:00 Crossbowman
56:45 Thumb Ring
57:34 Arbalester
58:42 Bracer
61:43 Ballistics
61:20 Gold Mining
64:30 Chemistry
66:04 Pikeman
69:07 Halberdier
69:52 Scale Mail Armor
72:07 Chain Mail Armor
73:35 Plate Mail Armor
74:17 Forging
Saruman 117
5:52 Loom
13:50 Feudal Age
18:50 Castle Age
17:14 Double-Bit Axe
17:23 Horse Collar
18:30 Stone Mining
18:31 Gold Mining
19:40 Padded Archer Armor
19:59 Heavy Plow
29:30 Wheelbarrow
29:10 Town Watch
31:19 Leather Archer Armor
36:45 Imperial Age
34:54 Fletching
35:46 Bow Saw
38:30 Two-Man Saw
38:16 Ring Archer Armor
38:37 Husbandry
38:48 Bloodlines
39:10 Scale Barding Armor
40:24 Hand Cart
40:15 Town Patrol
40:44 Forging
41:16 Conscription
42:19 Ballistics
41:54 Murder Holes
42:10 Masonry
43:02 Elite Conquistador
45:02 Chemistry
44:01 Light Cavalry
45:02 Chain Barding Armor
45:18 Iron Casting
45:50 Hussar
47:07 Plate Barding Armor
50:03 Architecture
52:12 Blast Furnace
Álvaro de Bazán
3:18 Loom
12:33 Feudal Age
19:22 Castle Age
18:15 Double-Bit Axe
20:56 Town Watch
22:01 Bow Saw
26:37 Fletching
27:28 Bodkin Arrow
27:51 Padded Archer Armor
31:24 Ballistics
32:48 Bloodlines
32:39 Husbandry
39:58 Imperial Age
41:16 Bracer
42:49 Chemistry
45:38 Elite Camel Archer
46:35 Leather Archer Armor
47:17 Conscription
47:19 Kasbah
47:42 Scale Barding Armor
47:47 Forging
50:53 Capped Ram
51:00 Heavy Camel Rider
52:01 Chain Barding Armor
52:17 Iron Casting
54:35 Scale Mail Armor
55:11 Plate Barding Armor
56:15 Horse Collar
56:26 Gold Mining
58:58 Blast Furnace
57:33 Light Cavalry
58:54 Ring Archer Armor
61:23 Elite Skirmisher
62:08 Thumb Ring
65:29 Wheelbarrow
64:59 Heavy Plow
65:35 Gold Shaft Mining
70:19 Murder Holes
74:52 Hoardings
93老玩家回归
10:34 Loom
15:03 Feudal Age
18:49 Castle Age
16:56 Double-Bit Axe
16:55 Fishing Lines
18:53 Wheelbarrow
19:59 Bow Saw
20:26 Gillnets
26:05 Hand Cart
28:46 Gold Mining
28:48 Stone Mining
32:02 Imperial Age
29:18 Town Watch
31:15 Ballistics
30:35 Treadmill Crane
30:51 Fletching
31:02 Padded Archer Armor
31:41 Stone Shaft Mining
30:48 Crossbowman
31:44 Thumb Ring
32:26 Arbalester
33:56 Conscription
34:06 Bodkin Arrow
34:27 Leather Archer Armor
35:18 Chemistry
35:16 Bracer
36:22 Ring Archer Armor
42:06 Bombard Tower
41:57 Masonry
42:33 Elite Genoese Crossbowman
44:21 Husbandry
44:32 Bloodlines
43:43 Cavalier
60:57 Murder Holes
61:32 Architecture
74:21 Scale Barding Armor
74:26 Forging
Daily
5:40 Loom
12:49 Feudal Age
12:59 Man-at-Arms
14:16 Arson
25:04 Castle Age
24:06 Fletching
25:14 Double-Bit Axe
28:15 Stone Mining
39:20 Wheelbarrow
40:13 Town Watch
859
12:05 Feudal Age
11:11 Loom
15:24 Double-Bit Axe
18:08 Castle Age
16:36 Horse Collar
18:19 Wheelbarrow
19:15 Husbandry
19:38 Bow Saw
20:30 Bloodlines
24:27 Heavy Plow
24:45 Scale Barding Armor
27:44 Forging
29:31 Chain Barding Armor
30:42 Iron Casting
34:33 Gold Mining
38:04 Imperial Age
36:24 Gold Shaft Mining
35:42 Stone Mining
37:50 Cavalier
38:53 Conscription
39:19 Plate Barding Armor
41:16 Blast Furnace
42:49 Savar
46:01 Two-Man Saw
45:34 Crop Rotation
55:24 Fletching
57:08 Hand Cart
59:41 Bodkin Arrow
63:48 Light Cavalry
66:56 Hussar
860
4:31 Loom
12:18 Feudal Age
13:56 Double-Bit Axe
16:13 Domestication
18:30 Forging
20:26 Scale Barding Armor
24:41 Castle Age
22:40 Stone Mining
27:18 Fletching
31:56 Pastoralism
32:25 Bodkin Arrow
35:54 Wheelbarrow
38:43 Bow Saw
41:14 Scale Mail Armor
41:50 Iron Casting
43:54 Hand Cart
43:25 Town Watch
58:36 Caravan
Connection lost

Rejoining the realm…

Still unreachable

The connection could not be restored.

Session expired

The server has moved on; the page needs a fresh start.